 Dungeon Crawl Stone Soup version 0.31.0-32-g396128a36d (webtiles) character file.

Game seed: 17642918454630093233

175 edesousacosta the Ducker (level 5, -6/37 HPs)
             Began as a Djinni Hedge Wizard on Mar 21, 2024.
             Was an Initiate of Nemelex Xobeh.
             Mangled by an iguana (8 damage)
             ... on level 4 of the Dungeon on Mar 23, 2024.
             The game lasted 00:52:59 (4511 turns).

edesousacosta the Ducker (Djinni Hedge Wizard)      Turns: 4511, Time: 00:53:00

Health: -6/37      AC:  3    Str:  9    XL:     5   Next: 85%
Gold:   142        EV: 12    Int: 24    God:    Nemelex Xobeh [......] SH:  0 Dex: 12

rFire   + + .        w - +2 whip (spect)
rCold   x . .        (no shield)
rNeg    . . .        i - +0 leather armour
rPois   ∞            c - +0 hat
rElec   .            (no cloak)
rCorr   .            (no gloves)
SInv    .            (boots unavailable)
Will    .....        (no amulet)
Stlth   ++           d - ring of wizardry
HPRegen 0.26/turn    y - +6 ring of intelligence
MPRegen 0.00/turn

%: wizardry (x1), infuse magic (-7 HP)
@: brilliant, flying, very slightly contaminated
A: sickness immunity, fire resistance 2, cold vulnerability 1, float, innate
caster, HP casting, extra vitality 1
a: Renounce Religion, Draw Escape, Draw Destruction, Draw Summoning


You were on level 4 of the Dungeon.
You worshipped Nemelex Xobeh.
Nemelex Xobeh was noncommittal.
You visited 1 branch of the dungeon, and saw 4 of its levels.

You collected 142 gold pieces.

Inventory:

Hand Weapons
 a - a +0 dagger
 g - a +0 spear
 m - a +0 spear
 n - a +0 dagger
 o - a +0 war axe
 w - a +2 spectral whip (weapon)
 x - a +0 sling
Missiles
 r - 40 stones
Armour
 b - a +0 robe
 c - a +0 hat (worn)
 i - a +0 leather armour (worn)
 t - a +0 barding
Jewellery
 d - a ring of wizardry (left hand)
 y - a +6 ring of intelligence (right hand)
Scrolls
 h - a scroll of enchant weapon {unknown}
 j - a scroll of immolation
 l - 2 scrolls of butterflies {unknown}
 q - 2 scrolls of fog {unknown}
 s - a scroll of fear {unknown}
Potions
 e - 2 potions of might {unknown}
 u - a potion of attraction {unknown}


   Skills:
 + Level 1.0 Fighting
 + Level 0.7(1.1) Axes
 + Level 0.6(0.9) Maces & Flails
 + Level 0.6(0.9) Polearms
 + Level 2.2 Armour
 + Level 3.4 Dodging
 + Level 2.3 Stealth
 + Level 3.3 Spellcasting
 + Level 3.3 Conjurations
 + Level 3.3 Hexes
 + Level 3.3 Summonings
 + Level 3.3 Necromancy
 + Level 3.3 Translocations
 + Level 3.3 Fire Magic
 + Level 3.3 Ice Magic
 + Level 3.3 Air Magic
 + Level 3.3 Earth Magic
 + Level 3.3 Alchemy


You knew the following spells:

 Your Spells              Type           Power      Damage    Failure   Level
a - Magic Dart            Conj           100%       1d8       1%          1
b - Slow                  Hex            100%       N/A       1%          1
c - Blink                 Tloc           58%        N/A       2%          2
d - Call Imp              Summ           58%        N/A       2%          2
e - Mephitic Cloud        Conj/Alch/Air  29%        N/A       4%          3
f - Foxfire               Conj/Fire      100%       2x1d9     1%          1
g - Lesser Beckoning      Tloc           58%        N/A       2%          2
Your spell library was empty.

Dungeon Overview and Level Annotations

Branches:
Dungeon (4/15)
 Temple: D:4-7

Altars:
Nemelex Xobeh
Uskayaw

Shops:
D:1 :


Innate Abilities, Weirdness & Mutations

You are immune to sickness and miasma.
You are immune to poison.
Your flesh is very heat resistant. (rF++)
You are vulnerable to cold. (rC-)
You float through the air rather than walking.
You learn spells naturally, not from books.
Your magical power is your life essence.
You have superior vitality. (+4 MHP)


Message History

Confirm with . or Enter, or press ? or * to list all spells.
You blink.
* * * LOW HITPOINT WARNING * * *
The wyvern bites you.
* * * LOW HITPOINT WARNING * * *
It was a potion of curing.
You feel better. The wyvern bites you.
* * * LOW HITPOINT WARNING * * *
Casting: Blink (safe; 2% risk of failure)
Confirm with . or Enter, or press ? or * to list all spells.
You are still too unstable to blink.
As you read the scroll labelled ZOURULI QOURAU, it crumbles to dust.
It is a scroll of brand weapon.
Your +2 whip of electrocution acquires a faint afterimage.
w - a +2 spectral whip (weapon)
The wyvern bites you.
* * * LOW HITPOINT WARNING * * *
The iguana bites you.
* * * LOW HITPOINT WARNING * * *
The wyvern closely misses you.
Casting: Blink (safe; 2% risk of failure)
Confirm with . or Enter, or press ? or * to list all spells.
You are still too unstable to blink.
Casting: Blink (safe; 2% risk of failure)
Confirm with . or Enter, or press ? or * to list all spells.
You are still too unstable to blink.
It was a potion of brilliance.
You feel clever all of a sudden. The wyvern misses you. The iguana bites you.
* * * LOW HITPOINT WARNING * * *
Your magical contamination has completely faded away.
Casting: Blink (safe; 2% risk of failure)
Confirm with . or Enter, or press ? or * to list all spells.
You feel a surge of power!
You miscast Call Imp.
You are very lightly contaminated with residual magic.
Nothing appears to happen.
* * * LOW HITPOINT WARNING * * *
You feel ready to blink again. The wyvern closely misses you.
The iguana bites you!
You die...
Your body disappears without a glow.

.........
........##
...>.....#
....##.<## ###
#..##...# #...
##.......#
#..####........#
#.?..l..##....##
##..@k.##......##
###..............<
####..#..$.......
####..........
##........?
#........>
..........
......... .....


You could see a wyvern and an iguana.

Vanquished Creatures
  4 adders
  2 dart slugs
  5 orcs (D:3)
  3 ball pythons (D:1)
  6 bats
  3 endoplasms
  A giant cockroach (D:1)
  5 goblins
  6 hobgoblins
  4 quokkas
  3 frilled lizards
  A rat (D:2)
43 creatures vanquished.

Vanquished Creatures (collateral kills)
  A sleepcap (D:4)
  An adder (D:4)
  2 dart slugs (D:2)
  An orc (D:3)
  4 bats
  3 endoplasms
  5 giant cockroaches
  4 goblins
  2 hobgoblins (D:2)
  2 quokkas
  5 ball pythons
  A frilled lizard (D:2)
  5 kobolds
  A rat (D:2)
37 creatures vanquished.

Vanquished Creatures (others)
  26 foxfires
26 creatures vanquished.

Grand Total: 106 creatures vanquished

Notes
Turn   | Place    | Note
-------+----------+-------------------------------------------
     0 | D:1      | edesousacosta the Djinni Hedge Wizard began the quest for
                  | the Orb.
     0 | D:1      | edesousacosta set off with the following spells memorised:
                  | Magic Dart, Slow, Blink, Call Imp, Mephitic Cloud.
     0 | D:1      | Reached XP level 1. HP: 15/15 MP: 0/0
   778 | D:1      | Reached XP level 2. HP: 8/21 MP: 0/0
   895 | D:1      | Found Cygiggel's Book Boutique.
  1081 | D:1      | Found a faded altar of an unknown god.
  1287 | D:1      | Reached XP level 3. HP: 22/25 MP: 0/0
  1287 | D:1      | Learned a level 1 spell: Foxfire
  2015 | D:1      | how do I enter this
  2467 | D:2      | Reached skill level 1 in Armour
  2525 | D:2      | Reached XP level 4. HP: 30/31 MP: 0/0
  2987 | D:2      | Found a hide-covered altar of Uskayaw.
  3970 | D:3      | Reached XP level 5. HP: 27/36 MP: 0/0
  3970 | D:3      | Learned a level 2 spell: Lesser Beckoning
  4273 | D:3      | Found a sparkling altar of Nemelex Xobeh.
  4287 | D:3      | Became a worshipper of Nemelex Xobeh the Trickster
  4383 | D:3      | Reached skill level 1 in Fighting
  4493 | D:4      | Noticed a wyvern
  4511 | D:4      | Mangled by an iguana

Illustrated notes

########### #.........#
#.#######.## ##### #.#
#......# ##...## #.#
#.###..# ##..##.#### #.#
#.# #@.#####..........
#.###.###............#.##.
#.........######....##.##.
#####.##### ##..##.###.
#.........# ##...# #.
#.###.###.# #>### #. #.#
#.# #.# ##+## #. #.#
#.###.# ##...## ## #.#
#.....# ##.....##


Turn 2015 on D:1: how do I enter this

Levels and vault maps discovered:
D:1:      dpeg_arrival_circle_labyrinth_c, layout_loops_corners,
          ebering_ecumenical_altar_sacrificial, serial_shops, shop
D:2:      layout_loops_ring, serial_glass, glass_columns_c, glass_columns_a,
          basic_altar, st_stairs_5, dreamdust_princess_bridge
D:3:      layout_basic, mainiacjoe_overflow_tiny_flanked
D:4:      kennysheep_big_flooded_room, layout_cave_pools,
          kennysheep_okawaru_gauntlet, serial_shops,
          nicolae_shop_rolling_square, minmay_misc_feat_more_columns,
          kennysheep_orc_chapel, uniq_edmund, uniq_menkaure

Skill      XL: |  1  2  3  4  5 |
---------------+----------------+-----
Stealth        | 2 |  2.3
Armour         | 1 2 |  2.2
Dodging        | 3 |  3.4
Fighting       | 1 |  1.0
Axes           | |  0.7
Maces & Flails | |  0.6
Polearms       | |  0.6
Spellcasting   | |  3.3
Conjurations   | |  3.3
Hexes          | |  3.3
Summonings     | |  3.3
Necromancy     | |  3.3
Translocations | |  3.3
Fire Magic     | |  3.3
Ice Magic      | |  3.3
Air Magic      | |  3.3
Earth Magic    | |  3.3
Alchemy        | |  3.3

Action                     |  1- 3 |  4- 6 || total
---------------------------+-------+-------++-------
  Melee: Spear             |    51 |     7 ||    58
         War axe           |       |    19 ||    19
         Whip              |       |    11 ||    11
  Throw: Stone             |     4 |       ||     4
   Cast: Magic Dart        |    18 |    28 ||    46
         Slow              |     1 |     4 ||     5
         Call Imp          |    15 |    28 ||    43
         Blink             |     3 |     6 ||     9
         Foxfire           |     5 |    12 ||    17
         Mephitic Cloud    |       |     2 ||     2
         Lesser Beckoning  |       |     1 ||     1
    Use: Scroll            |     1 |     2 ||     3
         Potion            |       |     2 ||     2
   Stab: Sleeping          |     2 |       ||     2
 Armour: Leather armour    |    41 |    46 ||    87
         Robe              |     1 |       ||     1
  Dodge: Dodged            |    56 |    56 ||   112
